 Dungeon Crawl Stone Soup version 0.28.0-53-g5a82cb258f (webtiles) character file.

Game seed: 8045656614235843844

2743 cbfl8 the Cleaver (level 9, -8/79 HPs)
             Began as a Hill Orc Fighter on July 31, 2022.
             Was a Believer of Beogh.
             Mangled by Pikel
             ... wielding a +0 whip of electrocution
              (10 damage)
             ... on level 5 of the Dungeon.
             The game lasted 00:13:54 (9868 turns).

cbfl8 the Cleaver (Hill Orc Fighter)                Turns: 9868, Time: 00:13:55

Health: -8/79      AC:  8    Str: 19    XL:     9   Next: 68%
Magic:  9/9        EV: 11    Int:  8    God:    Beogh [**....]
Gold:   526        SH:  0    Dex: 14    Spells: 8/8 levels left

rFire   . . .      SeeInvis .   e - +2 executioner's axe (vamp)
rCold   + . .      Faith    .   (shield currently unavailable)
rNeg    . . .      Spirit   .   i - +1 scale mail {rF+}
rPois   .          Reflect  .   (no helmet)
rElec   .          Harm     .   (no cloak)
rCorr   +          Rampage  .   (no gloves)
Will    .....                   (no boots)
Stlth   ..........              (no amulet)
HPRegen 0.23/turn               d - ring of resist corrosion
MPRegen 0.11/turn               r - ring of ice

@: no status effects
A: no striking features
a: Renounce Religion, Smiting


You were on level 5 of the Dungeon.
You worshipped Beogh.
Beogh was pleased with you.
You visited 1 branch of the dungeon, and saw 6 of its levels.
You also visited: Sewer.

You collected 526 gold pieces.

Inventory:

Hand Weapons
 a - a +0 war axe
 e - a +2 vampiric executioner's axe (weapon)
Armour
 i - a +1 scale mail of fire resistance (worn)
 j - a +0 tower shield
 n - +0 swamp dragon scales
 p - a +0 chain mail
Jewellery
 d - a ring of resist corrosion (left hand)
 r - a ring of ice (right hand)
Scrolls
 h - 3 scrolls of amnesia
 k - 5 scrolls of magic mapping
 m - a scroll of blinking {unknown}
 o - 2 scrolls of torment {unknown}
Potions
 l - 5 potions of flight
 q - 3 potions of curing


   Skills:
 * Level 7.2 Fighting
 * Level 11.1 Axes
 + Level 5.7 Armour
 * Level 3.1 Dodging
 + Level 0.3 Stealth
 + Level 5.5 Shields
 * Level 4.2 Evocations


You had 8 spell levels left.
You didn't know any spells.
Your spell library contained the following spells:

 Spells                   Type           Power      Damage    Failure   Level
 Sting                    Tmut/Pois      0%         1d3       77%         1
 Passage of Golubria      Tloc           0%         N/A       100%        4
 Alistair's Intoxication  Tmut/Pois      0%         N/A       100%        5
 Manifold Assault         Tloc           0%         N/A       100%        5


Dungeon Overview and Level Annotations

Branches:
Dungeon (6/15)             Temple (0/1) D:4           Sewer (visited)

Altars:
Ashenzari
Kikubaaqudgha
Okawaru
Zin

Shops:
D:1 *   D:2 !   D:6 =

Annotations:
D:4 1 runed translucent door, safid's ghost, amateur HOFi
D:5 Pikel


Message History

There is a stone staircase leading down, spattered with blood here.
You hit Pikel.
Pikel is lightly wounded.
You closely miss the lemure. You hit the lemure but do no damage.
The lemure hits you. Pikel hits you but does no damage.
You are electrocuted!
The lemure hits you.
You closely miss Pikel.
Pikel is lightly wounded.
You barely miss the lemure. You slash the lemure! x2
The lemure barely misses you.
Pikel says, "Antaeus said I was his favorite kobold.
Me!"
Pikel hits you but does no damage. The lemure barely misses you.
The lemure closely misses you. x2; Pikel hits you but does no damage.
Unknown command.
You slice Pikel!!
You feel better.
Pikel is severely wounded.
You slash the lemure! You hit the lemure. You barely miss the lemure.
The lemure hits you. x3; Pikel closely misses you.
The lemure hits you.
Unknown command.
You closely miss Pikel.
Pikel is severely wounded.
You barely miss the lemure. You slash the lemure!
You kill the lemure!
That felt strangely unrewarding.
You slice the lemure!!
You kill the lemure!
That felt strangely unrewarding.
The lemure hits you.
Pikel hits you with a +0 whip of electrocution!
You are electrocuted!
You miss Pikel.
Pikel is severely wounded.
You slash the lemure! The lemure hits you.
* * * LOW HITPOINT WARNING * * *
Pikel hits you with a +0 whip of electrocution!
* * * LOW HITPOINT WARNING * * *
The lemure hits you.
* * * LOW HITPOINT WARNING * * *
Pikel hits you with a +0 whip of electrocution.
* * * LOW HITPOINT WARNING * * *
You are electrocuted!
You die...

###..# ##.####....#..##..#.#
.....####...#......#......#.#
........#..........##....##.#
#.##....#..........##....##.#
.......#.........#..##..##..#
.#####...........#..##..##..#
.#...#..........#....####...#
.#..†#P.........#....####..##
.#...'...#.#....@K....##..## ####
.#'#)#P..###...5[.....##..####..#
.#^#.#..##......#....####.......#
.#####..#....##......# #.......#
........(....#......## ##......#
..........#.........# #.......
.........####......## ##......
.........# ##..##.# .. #.#....
........ ###...#.# ...#.##..#


You could see Pikel and a lemure.

Vanquished Creatures
  Grinder (D:6)
  An acid dragon (D:6)
  A water moccasin (D:6)
  3 ogres
  3 lemures (D:5)
  A phantom (D:6)
  A kobold brigand (D:6)
  2 scorpions
  A water moccasin zombie (D:5)
  A water moccasin skeleton (D:5)
  A howler monkey (D:5)
  2 bullfrog zombies
  2 centaur zombies (D:6)
  5 hounds
  7 orc priests
  2 centaur skeletons (D:6)
  A bullfrog skeleton (D:6)
  2 jellies
  4 orc wizards
  A gnoll (D:5)
  4 river rats (Sewer)
  12 adders
  2 shadow imps
  A white imp (D:4)
  4 worms
  8 dart slugs
  18 orcs
  18 endoplasms
  8 giant cockroaches
  10 hobgoblins
  7 jackals
  8 quokkas
  12 ball pythons
  10 bats
  2 frilled lizards
  9 goblins
  7 kobolds
  8 rats
190 creatures vanquished.

Vanquished Creatures (collateral kills)
  Maggie (D:6)
  2 orcs (D:6)
3 creatures vanquished.

Vanquished Creatures (others)
  2 orc priests (D:3)
  2 orcs (D:3)
  2 toadstools (D:2)
  4 withered plants (D:4)
10 creatures vanquished.

Grand Total: 203 creatures vanquished

Notes
Turn   | Place    | Note
-------+----------+-------------------------------------------
     0 | D:1      | cbfl8 the Hill Orc Fighter began the quest for the Orb.
     0 | D:1      | Reached XP level 1. HP: 19/19 MP: 1/1
    55 | D:1      | Found Cuef's Assorted Antiques.
   154 | D:1      | Reached XP level 2. HP: 26/27 MP: 2/2
   420 | D:1      | Reached skill level 3 in Axes
   606 | D:1      | Reached XP level 3. HP: 33/33 MP: 3/3
  1183 | D:2      | Found a faded altar of an unknown god.
  1198 | D:2      | Reached XP level 4. HP: 40/40 MP: 4/4
  1241 | D:2      | Reached skill level 4 in Axes
  1516 | D:2      | Found Naraebuj's Distillery.
  1603 | D:2      | Reached skill level 1 in Evocations
  2031 | D:3      | Found a glowing drain.
  2047 | Sewer    | Entered a sewer
  2056 | Sewer    | Reached XP level 5. HP: 33/47 MP: 5/5
  2399 | Sewer    | Reached skill level 5 in Axes
  3026 | Sewer    | Reached XP level 6. HP: 35/53 MP: 6/6
  3714 | D:3      | Became a worshipper of Beogh the Brigand
  4283 | D:3      | Reached skill level 1 in Dodging
  5112 | D:3      | Reached skill level 6 in Axes
  5207 | D:4      | Found a staircase to the Ecumenical Temple.
  5264 | D:4      | Reached skill level 5 in Fighting
  5264 | D:4      | Reached XP level 7. HP: 49/61 MP: 7/7
  5356 | D:4      | Reached * piety under Beogh
  5588 | D:4      | Found a glowing silver altar of Zin.
  5603 | D:4      | Found a broken altar of Ashenzari.
  5612 | D:4      | Found a runed translucent door.
  5612 | D:4      | Noticed safid's ghost (amateur HOFi)
  5688 | D:4      | Found an ancient bone altar of Kikubaaqudgha.
  6108 | D:5      | Entered Level 5 of the Dungeon
  6162 | D:5      | Noticed Pikel
  6195 | D:5      | Reached skill level 7 in Axes
  6530 | D:6      | Noticed Maggie
  6540 | D:6      | HP: 2/61 [Maggie/+1 vorpal long sword (3)]
  6541 | D:6      | Killed Maggie
  6542 | D:6      | Reached skill level 8 in Axes
  6542 | D:6      | Reached XP level 8. HP: 2/69 MP: 8/8
  6549 | D:6      | HP: 3/69 [centaur zombie (1)]
  6958 | D:6      | Found an iron altar of Okawaru.
  6983 | D:6      | Reached skill level 5 in Shields
  7221 | D:6      | Reached skill level 5 in Armour
  7293 | D:6      | Got the Grimoire of Salt
  7445 | D:5      | Reached skill level 9 in Axes
  7602 | D:5      | Identified a scroll of acquirement
  7680 | D:5      | Reached ** piety under Beogh
  7931 | D:5      | Reached XP level 9. HP: 65/78 MP: 9/9
  8602 | D:6      | Acquired a +2 vampiric executioner's axe
  8639 | D:6      | Found Socacw's Jewellery Shoppe.
  9085 | D:6      | Reached skill level 10 in Axes
  9204 | D:6      | Noticed Grinder
  9207 | D:6      | Paralysed by Grinder for 6 turns
  9215 | D:6      | Killed Grinder
  9462 | D:6      | Reached skill level 11 in Axes
  9868 | D:5      | HP: 2/79 [Pikel/+0 whip of electrocution (6)]
  9868 | D:5      | Mangled by Pikel

Illustrated notes

Levels and vault maps discovered:
D:1:      minmay_arrival_wavy_path, layout_basic, serial_shops, shop,
          minivault_14
D:2:      layout_basic, serial_shops, shop, chequers_ecumenical_altar_simple,
          minmay_gold_behind_fungi, hangedman_abyss_or_decor_lesser_grid,
          chequers_serial_rivers_micro_b
D:3:      layout_loops_ring, portal_sewer_entry_f, st_stairs_5,
          chequers_serial_rivers_room_b, minmay_misc_feat_diagonals
D:4:      layout_cave_pools, ashenzari_altar_1, kiku_gazebo_garden_becter,
          kennysheep_mini_moat, minmay_temple_entry_large_hall,
          gammafunk_ghost_grave, grunt_decor_cap
D:5:      layout_cave_pools, minmay_misc_feat_x, cheibrodos_gnoll_hut,
          uniq_pikel
D:6:      layout_basic, okawaru_trees_1, serial_shops, nicolae_shop_crystal,
          sigmund_army, uniq_grinder, uniq_maggie

Skill      XL: |  1  2  3  4  5  6  7  8  9 |
---------------+----------------------------+-----
Fighting       | 4 5 6 7 |  7.2
Axes           | 3 4 5 6 8 9 11 | 11.1
Evocations     | 1 2 3 4 |  4.2
Armour         | 4 5 |  5.7
Shields        | 4 5 |  5.5
Dodging        | 1 2 3 |  3.1
Stealth        | |  0.3

Action                   |  1- 3 |  4- 6 |  7- 9 || total
-------------------------+-------+-------+-------++-------
Melee: War axe           |    93 |   234 |   199 ||   526
       Executioner's axe |       |       |    53 ||    53
Invok: Convert to Beogh  |       |     1 |       ||     1
  Use: Scroll            |       |     4 |     7 ||    11
       Potion            |       |     1 |     5 ||     6
Armor: Scale mail        |    47 |   118 |   111 ||   276
       Skin              |       |       |    23 ||    23
Dodge: Dodged            |    60 |    56 |   102 ||   218
Block: Buckler           |    20 |     3 |       ||    23
       Tower shield      |       |   196 |   189 ||   385
